 Dungeon Crawl Stone Soup version 0.25-a0-346-g140ab784a8 (webtiles) character file.

Game seed: 12376516930086645239, levelgen mode: deterministic

358 BritishOli the Slasher (level 6, -7/48 HPs)
             Began as a Demonspawn Gladiator on Jan 1, 2020.
             Killed by nerve-wracking pain
             ... invoked by a shadow imp
              (8 damage)
             ... on level 5 of the Dungeon.
             The game lasted 00:04:37 (2875 turns).

BritishOli the Slasher (Demonspawn Gladiator)       Turns: 2875, Time: 00:04:38

Health: -7/48      AC: 12    Str: 16    XL:     6   Next: 37%
Magic:  6/6        EV: 13    Int: 10    God:
Gold:   243        SH:  0    Dex: 14    Spells: 5/5 levels left

rFire    . . .     SeeInvis .   a - +0 long sword
rCold    . . .     Gourm    .   (no shield)
rNeg     . . .     Faith    .   b - +0 leather armour
rPois    .         Spirit   .   r - +1 hat
rElec    .         Reflect  .   (no cloak)
rCorr    .         Harm     .   k - +1 pair of gloves
MR       .....                  (no boots)
Stlth    +.........             (no amulet)
HPRegen  0.16/turn              (no ring)
MPRegen  0.10/turn              (no ring)

@: about to teleport, sanguine armour
A: antennae 2, sanguine armour 1
a: no special abilities


You were on level 5 of the Dungeon.
You were hungry.

You visited 1 branch of the dungeon, and saw 5 of its levels.

You collected 243 gold pieces.

Inventory:

Hand Weapons
 a - a +0 long sword (weapon)
Missiles
 d - 3 throwing nets (quivered)
Armour
 b - a +0 leather armour (worn)
 c - a +0 helmet
 k - a +1 pair of gloves (worn)
 r - a +1 hat (worn)
Jewellery
 l - an uncursed ring of protection from magic {unknown}
Scrolls
 e - 4 scrolls of remove curse
 h - a scroll of random uselessness
 i - 6 scrolls of identify
 p - a scroll of blinking {unknown}
 s - a scroll of enchant weapon {unknown}
Potions
 g - 2 potions of agility {unknown}
 j - a potion of berserk rage {unknown}
 m - 2 potions of lignification {unknown}
 n - 2 potions of curing {unknown}
 q - a potion of flight {unknown}
 t - 2 potions of heal wounds
 v - a potion of might {unknown}
Comestibles
 f - 8 rations


   Skills:
 + Level 3.7 Fighting
 * Level 4.8 Long Blades
 - Level 2.1 Throwing
 + Level 2.3 Armour
 - Level 3.0 Dodging


You had 5 spell levels left.
You didn't know any spells.
Your spell library was empty.

Dungeon Overview and Level Annotations

Branches:
Dungeon (5/15)
 Temple: D:4-7

Altars:
Qazlal

Annotations:
D:5 Menkaure


Innate Abilities, Weirdness & Mutations

You have a pair of antennae on your head.
When seriously injured, your bleeding wounds create armour. (AC +6)


Message History

It is a scroll of identify.
e - 4 scrolls of remove curse The shadow imp completely misses you.
Menkaure calls on the powers of darkness!
Your body is wracked with pain!
* * * LOW HITPOINT WARNING * * *
As you read the scroll labeled ILIOMURGHUNO, it crumbles to dust.
The dust glows shimmering indigo!
It was a scroll of random uselessness.
The shadow imp closely misses you.
You riposte.
You hit the shadow imp but do no damage.
As you read the scroll labeled HIPSOL QIGIS, it crumbles to dust.
You feel strangely unstable.
It was a scroll of teleportation.
Menkaure closely misses you. The shadow imp gestures at you.
Pain shoots through your body!
* * * LOW HITPOINT WARNING * * *
Menkaure hits you but does no damage. The shadow imp gestures at you.
Pain shoots through your body!
You die...

#########
#...M...#
#.#####.#
#.# #.# #M#
#.# #.###
#M# #@5.#
#.#####.#<..
###.#
#...M%......
#.#
#####......#
#.# .#.####
#<# .# # #.#
.. #.# ..
#.# ... #.#
...


You could see Menkaure and a shadow imp.

Vanquished Creatures
  An ogre (D:4)
  A bullfrog (D:4)
  A howler monkey (D:5)
  A crimson imp (D:3)
  A hound (D:4)
  A worker ant (D:4)
  4 adders
  3 worms
  3 dart slugs
  2 leopard geckos
  3 orcs
  A ball python (D:3)
  6 giant cockroaches
  7 goblins
  9 hobgoblins
  7 bats
  3 frilled lizards
  13 kobolds
  7 rats
74 creatures vanquished.

Notes
Turn   | Place    | Note
-------+----------+-------------------------------------------
     0 | D:1      | BritishOli the Demonspawn Gladiator began the quest for the
                  | Orb.
     0 | D:1      | Reached XP level 1. HP: 16/16 MP: 1/1
   333 | D:1      | Gained mutation: When seriously injured, your bleeding
                  | wounds create armour. (AC +6) [demonic ancestry]
   333 | D:1      | Reached XP level 2. HP: 19/22 MP: 2/2
   588 | D:1      | Reached skill level 3 in Long Blades
   776 | D:2      | Reached XP level 3. HP: 19/28 MP: 3/3
   831 | D:2      | Found a stormy altar of Qazlal.
  1278 | D:2      | Gained mutation: You have a pair of small antennae on your
                  | head. [demonic ancestry]
  1278 | D:2      | Reached XP level 4. HP: 27/34 MP: 4/4
  1549 | D:3      | Reached skill level 1 in Armour
  1871 | D:4      | Noticed a bullfrog
  1883 | D:4      | Killed a bullfrog
  1883 | D:4      | Reached skill level 4 in Long Blades
  1883 | D:4      | Reached XP level 5. HP: 12/41 MP: 5/5
  2423 | D:4      | Noticed an ogre
  2432 | D:4      | Killed an ogre
  2432 | D:4      | Gained mutation: You have a pair of antennae on your head.
                  | [demonic ancestry]
  2432 | D:4      | Reached XP level 6. HP: 6/48 MP: 6/6
  2826 | D:5      | Entered Level 5 of the Dungeon
  2844 | D:5      | Noticed Menkaure
  2874 | D:5      | HP: 1/48 [shadow imp/nerve-wracking pain (10)]
  2875 | D:5      | Killed from afar by a shadow imp

Levels and vault maps discovered:
D:1:      minmay_arrival_semitransparent, layout_loops_cross,
          minmay_tromino_mix6
D:2:      layout_basic, first_ration, grunt_qazlal_clouds
D:3:      layout_basic
D:4:      layout_loops_ring
D:5:      layout_loops_ring, minmay_temple_entry_statues_pillars, serial_shops,
          shop, nicolae_shop_trees, kennysheep_mini_moat,
          nicolae_shop_waterfront, uniq_menkaure

Skill      XL: |  1  2  3  4  5 |
---------------+----------------+-----
Throwing       | 2 |  2.1
Long Blades    | 3 4 |  4.8
Dodging        | 3 |  3.0
Armour         | 1 2 |  2.3
Fighting       | 3 |  3.7

Action                   |  1- 3 |  4- 6 || total
-------------------------+-------+-------++-------
Melee: Long sword        |   137 |   119 ||   256
  Use: Scroll            |       |     3 ||     3
       Potion            |       |     1 ||     1
 Stab: Sleeping          |     1 |     1 ||     2
       Distracted        |     1 |       ||     1
  Eat: Chunk             |     1 |     5 ||     6
Armor: Leather armour    |    52 |    38 ||    90
Dodge: Dodged            |    96 |    89 ||   185
       Rpst.: Long sword |    31 |    35 ||    66

Table legend:
 A = Non-vault XP
 B = Vault XP
 C = Vault XP percentage of total XP
 D = Non-vault monster count
 E = Vault monster count
 F = Vault count percentage of total count
                 A         B        C        D         E       F
            +---------+---------+-------+---------+---------+-------
      Total |     506 |       6 |   1.2 |      72 |       2 |   2.7
            +---------+---------+-------+---------+---------+-------
        D:1 |      26 |       6 |  18.8 |      17 |       2 |  10.5
        D:2 |      74 |       0 |   0.0 |      26 |       0 |   0.0
        D:3 |      82 |       0 |   0.0 |      17 |       0 |   0.0
        D:4 |     310 |       0 |   0.0 |      11 |       0 |   0.0
        D:5 |      14 |       0 |   0.0 |       1 |       0 |   0.0
            +---------+---------+-------+---------+---------+-------
